 Dungeon Crawl Stone Soup version 0.28.0-53-g5a82cb258f (webtiles) character file.

Game seed: 1287886731651651130

40 MiltankisOP the Ruffian (level 3, -3/28 HPs)
             Began as a Draconian Transmuter on June 19, 2022.
             Slain by an adder (4 damage)
             ... on level 2 of the Dungeon.
             The game lasted 00:01:52 (1145 turns).

MiltankisOP the Ruffian (Draconian Transmuter)      Turns: 1145, Time: 00:01:53

Health: -3/28      AC:  5    Str: 12    XL:     3   Next: 30%
Magic:  6/6        EV: 12    Int: 15    God:
Gold:   32         SH:  0    Dex: 17    Spells: 5/6 levels left

rFire   . . .      SeeInvis .     - Unarmed
rCold   . . .      Faith    .   (no shield)
rNeg    . . .      Spirit   .   (armour unavailable)
rPois   .          Reflect  .   (helmet currently unavailable)
rElec   .          Harm     .   (no cloak)
rCorr   .          Rampage  .   (no gloves)
Will    .....                   (boots currently unavailable)
Stlth   ++........              (no amulet)
HPRegen 0.09/turn               a - +6 ring of dexterity
MPRegen 0.10/turn               (no ring)

@: mighty, lethally poisoned (-3 -> -7), appendages (expiring), attractive,
flying
A: horns 2, talons 2, AC +5, unfitting armour, cold-blooded
a: End Transformation


You were on level 2 of the Dungeon.
You had temporarily grown beastly horns and talons.
You visited 1 branch of the dungeon, and saw 2 of its levels.

You collected 32 gold pieces.

Inventory:

Jewellery
 a - a +6 ring of dexterity (left hand)
Wands
 f - a wand of mindburst (10)
Scrolls
 c - a scroll of teleportation {unknown}
 e - a scroll of identify {unknown}
 g - a scroll of vulnerability {unknown}
 j - a scroll of fear {unknown}
Potions
 i - a potion of heal wounds {unknown}


   Skills:
 - Level 1.1 Fighting
 - Level 1.7 Dodging
 + Level 3.7 Unarmed Combat
 - Level 2.0 Spellcasting
 + Level 3.0 Transmutations


You had 5 spell levels left.
You knew the following spells:

 Your Spells              Type           Power      Damage    Failure   Level
a - Beastly Appendage     Tmut           20%        N/A       6%          1

Your spell library contained the following spells:

 Spells                   Type           Power      Damage    Failure   Level
 Wereblood                Tmut           10%        N/A       10%         2
 Spider Form              Tmut/Pois      6%         N/A       34%         3
 Ice Form                 Ice/Tmut       6%         N/A       75%         4


Dungeon Overview and Level Annotations

Branches:
Dungeon (2/15)

Altars:


Innate Abilities, Weirdness & Mutations

You have temporarily grown beastly horns and talons.
Your plain brown scales are hard. (AC +5)
You cannot fit into any form of body armour.
You are cold-blooded and may be slowed by cold attacks.


Message History

You barely miss the adder.
You feel sick. The adder barely misses you.
You barely miss the adder. Your kick misses the adder.
You headbutt the adder, but do no damage.
You tail-slap the adder, but do no damage.
You feel sick. The adder bites you.
You are more poisoned.
The adder poisons you!
You closely miss the adder. Your headbutt misses the adder.
You feel very sick. The adder bites you.
You miss the adder. Your kick misses the adder. Your headbutt misses the adder.
You tail-slap the adder.
The adder is lightly wounded.
You feel sick. The adder bites you.
You miss the adder. Your kick misses the adder. Your headbutt misses the adder.
Your tail-slap misses the adder.
The adder is lightly wounded.
You feel sick. The adder completely misses you. The adder bites you.
* * * LOW HITPOINT WARNING * * *
You are lethally poisoned!
The adder poisons you!
You hit the adder. You claw the adder, but do no damage.
Your headbutt misses the adder.
The adder is heavily wounded.
* * * LOW HITPOINT WARNING * * *
You feel sick. The adder closely misses you.
It was a potion of attraction.
You feel attractive to monsters.
Your transformation is almost over.
* * * LOW HITPOINT WARNING * * *
You feel sick. The adder barely misses you.
It was a potion of flight.
You feel very buoyant.
You fly up into the air.
* * * LOW HITPOINT WARNING * * *
You feel sick. The adder misses you.
It was a potion of might.
You feel very mighty all of a sudden.
* * * LOW HITPOINT WARNING * * *
You feel sick. The adder bites you.
You die...

#### ... ####.##
########@#...##
........#S....##
...............>
.#######......#.
#..........##
#......[......
#..........###
##.########..........#
.......).............###


You could see an adder.

Vanquished Creatures
  An adder (D:2)
  3 endoplasms (D:1)
  2 giant cockroaches (D:2)
  2 goblins (D:1)
  2 hobgoblins (D:1)
  2 quokkas
  A ball python (D:1)
  3 bats
  A frilled lizard (D:1)
  7 kobolds
  7 rats (D:1)
31 creatures vanquished.

Notes
Turn   | Place    | Note
-------+----------+-------------------------------------------
     0 | D:1      | MiltankisOP the Draconian Transmuter began the quest for
                  | the Orb.
     0 | D:1      | Reached XP level 1. HP: 16/16 MP: 3/3
   218 | D:1      | Reached XP level 2. HP: 14/23 MP: 3/5
   868 | D:2      | Reached XP level 3. HP: 23/28 MP: 4/6
  1145 | D:2      | HP: 1/28 [poisoned by an adder]
  1145 | D:2      | Slain by an adder

Illustrated notes

Levels and vault maps discovered:
D:1:      giann_bridges, layout_loops_ring, st_stairs_7
D:2:      layout_loops_ring, nrook_mini_vaults

Skill      XL: |  1  2  3 |
---------------+----------+-----
Transmutations | 3 |  3.0
Fighting       | |  1.1
Dodging        | |  1.7
Unarmed Combat | |  3.7
Spellcasting   | |  2.0

Action                   || total
-------------------------++-------
Melee: Unarmed           ||    68
       Kick              ||    20
       Headbutt          ||     9
       Tailslap          ||     8
       Punch             ||     2
 Cast: Beastly Appendage ||    22
  Use: Potion            ||     3
 Stab: Sleeping          ||     1
Armor: Skin              ||    16
Dodge: Dodged            ||    31
